 Dungeon Crawl Stone Soup version 0.30-a0-702-gdf48620a09 (webtiles) character file.

Game seed: 156194446724694316

1893285 ParallaxScroll the Acrobat (level 25, 215/215 HPs)
             Began as a Djinni Venom Mage on Jan 18, 2023.
             Was the Champion of Jiyva.
             Escaped with the Orb
             ... and 3 runes on Jan 22, 2023!
             The game lasted 11:34:05 (47939 turns).

ParallaxScroll the Acrobat (Djinni Venom Mage)     Turns: 47939, Time: 11:34:06

Health: 215/215    AC: 18    Str: 11      XL:     25   Next: 32%
Gold:   2631       EV: 27    Int: 35 (36) God:    Jiyva [******] SH: 20 Dex: 15

rFire   + + +      SeeInvis +    a - +2 trident of the Moon {vamp, rElec rC+}
rCold   + . .      Faith    .    S - +2 kite shield
rNeg    . . .      Spirit   .    O - +3 leather armour {rC+}
rPois   ∞          Reflect  +    K - +2 helmet
rElec   +          Harm     +    n - +1 cloak of Anisuor {rPois SInv}
rCorr   +          Rampage  .    R - +2 pair of gloves of the Slightly Bent {Harm Regen+}
Will    ++++.      Clarity  +    (boots unavailable)
Stlth   +                        x - amulet "Uryfiav" {Reflect Harm SH+5}
HPRegen 2.95/turn                e - ring "Wutir" {rPois Will++ Str+6 Int+2 Stlth-}
MPRegen 0.00/turn                X - ring of wizardry

@: flying, studying 3 skills
A: sickness immunity, fire resistance 3, cold vulnerability 1, float, innate
caster, HP casting, extra vitality 1, claws 2, clarity, clever 2, sense
surroundings 1, robust 1, wild magic 1, gelatinous body 3, pseudopods 1,
translucent skin 1, tendrils, jelly absorbing missiles
0: Orb of Zot
}: 3/15 runes: decaying, slimy, gossamer
a: Renounce Religion, Oozemancy, Slimify


You escaped.
You worshipped Jiyva.
Jiyva was exalted by your worship.
You visited 9 branches of the dungeon, and saw 48 of its levels.
You also visited: Trove and Gauntlet.

You collected 4107 gold pieces.
You spent 1476 gold pieces at shops.

Inventory:

Hand Weapons
 a - the +2 trident of the Moon (weapon) {vamp, rElec rC+}
   (You found it on level 5 of the Lair of Beasts)

   rC:        It protects you from cold.
   rElec:     It insulates you from electricity.
 b - the +4 war axe of the Damp God {freeze, rC+ rN+ Str-4}
   (You found it on level 5 of the Pits of Slime)

   Str:       It affects your strength (-4).
   rC:        It protects you from cold.
   rN:        It protects you from negative energy.
Missiles
 M - 5 curare-tipped darts (quivered)
Armour
 n - the +1 cloak of Anisuor (worn) {rPois SInv}
   (You found it in a Gauntlet)

   rPois:     It protects you from poison.
   SInv:      It lets you see invisible.
 v - a +0 buckler
 K - a +2 helmet (worn)
 O - a +3 leather armour of cold resistance (worn)
 R - the +2 pair of gloves of the Slightly Bent (worn) {Harm Regen+}
   (You found it on level 8 of the Dungeon)

   Regen:     It increases your rate of health regeneration.
   Harm:      It increases damage dealt and taken.
 S - a +2 kite shield (worn)
Magical Staves
 G - a staff of cold
 Y - a staff of death
Jewellery
 e - the ring "Wutir" (left hand) {rPois Will++ Str+6 Int+2 Stlth-}
   (You found it on level 4 of the Depths)

   [ring of strength]

   Str:       It affects your strength (+6).
   Int:       It affects your intelligence (+2).
   rPois:     It protects you from poison.
   Will:      It greatly increases your willpower.
   Stlth:     It makes you less stealthy.
 x - the amulet "Uryfiav" (around neck) {Reflect Harm SH+5}
   (You found it on level 5 of the Pits of Slime)

   [amulet of reflection]

   It reflects blocked missile attacks.
   SH:        It affects your SH (+5).
   Harm:      It increases damage dealt and taken.
 y - the ring of the Tortoise {AC+8}
   (You found it on level 5 of the Pits of Slime)

   [ring of protection]

   AC:        It affects your AC (+8).
 J - the ring "Hoinis" {*Corrode rElec Str+4 Int+6}
   (You took it off a vault sentinel on level 3 of the Vaults)

   [ring of intelligence]

   Str:       It affects your strength (+4).
   Int:       It affects your intelligence (+6).
   rElec:     It insulates you from electricity.
   *Corrode:  It may corrode you when you take damage.
 V - the ring of the Devil's Advocate {rC+ Str+6 Dex-2}
   (You took it off an ironbound preserver on level 3 of the Vaults)

   [ring of protection from cold]

   Str:       It affects your strength (+6).
   Dex:       It affects your dexterity (-2).
   rC:        It protects you from cold.
 W - a ring of see invisible
 X - a ring of wizardry (right hand)
Wands
 g - a wand of mindburst (43)
 i - a wand of acid (6)
 m - a wand of roots (10)
 A - a wand of paralysis (39)
 L - a wand of polymorph (4)
 N - a wand of digging (6)
Scrolls
 d - 7 scrolls of silence
 f - 4 scrolls of blinking
 h - 4 scrolls of fog
 l - 7 scrolls of vulnerability
 o - 9 scrolls of immolation
 r - a scroll of torment
 B - 5 scrolls of poison
 D - 7 scrolls of teleportation
 E - 5 scrolls of fear
 P - a scroll of magic mapping
 T - a scroll of brand weapon
Potions
 c - 4 potions of heal wounds
 j - 17 potions of ambrosia
 p - 4 potions of haste
 s - 5 potions of resistance
 t - 8 potions of lignification
 u - 4 potions of invisibility
 z - 12 potions of mutation
 H - 13 potions of curing
 I - 3 potions of might
 Z - 2 potions of cancellation
Miscellaneous
 q - a lightning rod (4/4)
 w - a phantom mirror
 C - a condenser vane
 F - a box of beasts
 Q - a phial of floods
 U - a tin of tremorstones (2/2)


   Skills:
 + Level 21.0 Fighting
 - Level 11.0 Armour
 - Level 25.0 Dodging
 - Level 2.0 Stealth
 - Level 13.0 Shields
 - Level 20.0 Spellcasting
 - Level 17.0 Evocations


You couldn't memorise any spells.
You knew the following spells:

 Your Spells              Type           Power      Damage    Failure   Level
a - Sting                 Tmut/Pois      100%       1d8       1%          1
b - Poisonous Vapours     Pois/Air       100%       N/A       1%          2
c - Shock                 Conj/Air       100%       1d9       1%          1
d - Conjure Ball Lightni  Conj/Air       61%        3x3d22    1%          6
e - Mephitic Cloud        Conj/Pois/Air  100%       N/A       1%          3
f - Stone Arrow           Conj/Erth      100%       3d13      1%          3
g - Malign Gateway        Summ/Tloc      61%        N/A       1%          7
h - Olgreb's Toxic Radia  Pois           100%       N/A       1%          4
i - Iskenderun's Mystic   Conj/Tloc      100%       2d19      1%          4
j - Yara's Violent Unrav  Hex/Tmut       61%        3d23      1%          5
k - Lesser Beckoning      Tloc           100%       N/A       1%          2
l - Petrify               Tmut/Erth      100%       N/A       1%          4
m - Summon Cactus Giant   Summ           61%        N/A       1%          6
n - Summon Horrible Thin  Summ           61%        N/A       2%          8
o - Borgnjor's Revivific  Necr           61%        N/A       2%          8
p - Lehudib's Crystal Sp  Conj/Erth      61%        10d14     2%          8
Your spell library was empty.

Dungeon Overview and Level Annotations

Branches:
Dungeon (15/15)            Temple (0/1) D:6            Lair (5/5) D:9
  Swamp (4/4) Lair:2       Spider (4/4) Lair:3        Slime (5/5) Lair:5
    Orc (2/2) D:10            Elf (0/3) Orc:2        Vaults (4/5) D:14
  Crypt (0/3) Vaults:3     Depths (4/4) D:15            Zot (5/5) Depths:4
Gauntlet (visited)

Altars:
Ashenzari
Dithmenos
Elyvilon
Fedhas
Makhleb
Nemelex Xobeh
Trog
Uskayaw
Wu Jian
Xom
Yredelemnul
Zin
The Shining One
Jiyva
Lugonu

Shops:
D:2 *   Orc:2 ??:(*   Vaults:2 [   Vaults:3 :   Depths:3 *

Portals:
Hell: Depths:1 Depths:2 Depths:3 Depths:4
Abyss: Depths:3 Depths:4
Pandemonium: Depths:2 Depths:4
Ziggurat: Depths:2

Annotations:
D:7 3 runed translucent doors, drugrobin's ghost, novice DgDe
D:14 2 transporters, Aqonk's ghost, journeyman OpAE
D:15 exclusion: upstairs, Roxanne
Lair:5 1 runed translucent door
Swamp:4 3 runed translucent doors, AigisTheKnight's ghost, adept GrEE
Slime:2 Dissolution
Slime:5 Royal Jelly
Vaults:2 2 runed translucent doors, 2 transporters, exclusion: orange crystal statue, Ruyty's ghost, adept DsGl
Vaults:3 2 transporters
Depths:1 3 runed translucent doors, Imio's ghost, adept DgCj; Roplacol's ghost, master GrFi; Xutext's ghost, adept DsAK
Depths:2 exclusion: upstairs
Zot:5 1 exclusion


Innate Abilities, Weirdness & Mutations

You are immune to sickness and miasma.
You are immune to poison.
Your flesh is almost immune to the effects of heat. (rF+++)
You are vulnerable to cold. (rC-)
You float through the air rather than walking.
You learn spells naturally, not from books.
Your magical power is your life essence.
You have superior vitality. (+4 MHP)
You have very sharp fingernails.
You possess an exceptional clarity of mind.
Your mind is very acute. (Int +8, Str/Dex -2)
You passively map a small area around you.
You are robust. (+10% HP)
Your spells are a little harder to cast, but a little more powerful.
Your gelatinous body deflects attacks. (AC +3, EV +3)
Armour fits poorly on your pseudopods.
Your translucent skin slightly reduces your foes' accuracy. (Stealth+)
You are covered in slimy tendrils that may disarm your opponents.
You have a small jelly attached to you that may absorb projectiles.


Message History

(D) Dungeon (T) Temple (L) Lair (S) Swamp (N) Spider Nest (M) Slime Pits (O) Orcish Mines (E) Elven Halls (V) Vaults (C) Crypt (U) Depths (H) Hell (Z) Zot
Where to? (Enter - D:1, ? - help)
What level of the Dungeon? (default 1, ? - help)
You swap places.
There is a stone staircase leading up here.
You fly upwards.
Your summoned ally is left behind.
There is a stone staircase leading down here.
A hellephant comes into view.
The hellephant trumpets!
There is a stone staircase leading up here.
Jiyva gurgles merrily.
You fly upwards.
There is a stone staircase leading down here.
(D) Dungeon (T) Temple (L) Lair (S) Swamp (N) Spider Nest (M) Slime Pits (O) Orcish Mines (E) Elven Halls (V) Vaults (C) Crypt (U) Depths (H) Hell (Z) Zot
Where to? (Enter - D:1, ? - help)
What level of the Dungeon? (default 1, ? - help) You're already here!
Aiming: Dig
Press: ? - help, Shift-Dir - straight line A rock wall.
This square is covered in magical glow.
The rock shatters into small pieces.
An angel comes into view. It is wielding a +3 whip of holy wrath.
The angel shouts!
You hear a shout!
A seraph comes into view.
It is wielding a +6 great sword of flaming.
Press: ? - help, v - describe, . - travel
Here: a seraph, wielding a +6 great sword of flaming and wearing +0 fire dragon scales (haloed)
The floor.
Unknown command.
Blink to where?
Press: ? - help, Dir - move target
As you read the scroll of blinking, it crumbles to dust.
There is a staircase leading out of the dungeon here.
You have escaped!

##.##............~§≈≈≈#
#####.........∩.§§§~≈≈#
# #.............~~≈≈#
#####.⌠.........∩.§§≈≈#
..................§§≈≈#
####............♣§.~~≈#
###..........♣....~§≈#
##.'.....A.........~~≈#
#..'............@..~~≈#
A..#...............~§≈#
####..........♣...§§§§#
...##..............~§§#
...##.⌠...........~~~§#
#####..........∩.§§~~≈#
# #...........§~§~≈§# #
#............~§~§≈# #
##........∩..§~~≈≈#


You could see an angel.

Vanquished Creatures
  A dread lich (Zot:5)
  3 Killer Klowns (Zot:5)
  An electric golem (Zot:5)
  Zenata (Vaults:1)
  9 Orb Guardians
  An Ice Fiend (D:4)
  3 tentacled monstrosities
  A quicksilver dragon (Zot:2)
  A walking divine tome (Depths:4)
  4 death cobs
  A thorn hunter (Swamp:4)
  4 storm dragons
  A fenstrider witch (Swamp:3)
  4 frost giants
  6 ghost moths
  A deep elf sorcerer (Vaults:2)
  4 vault wardens
  8 fire giants
  3 emperor scorpions
  A balrug (Depths:4)
  A spriggan defender (Depths:1)
  Louise (Swamp:4)
  An orc warlord (Vaults:4)
  8 ironbound preservers
  6 very ugly things
  3 stone giants
  A draconian stormcaller (Zot:4)
  6 ironbound thunderhulks
  3 green draconians
  Nessos (D:12)
  A purple draconian (Zot:4)
  2 yellow draconians
  2 eleionomae
  A minotaur (Gauntlet)
  3 bunyips
  A white draconian (Depths:4)
  4 dire elephants
  2 spark wasps
  Snorg (D:12)
  A crystal guardian (Vaults:4)
  2 ettins
  3 fire dragons
  Josephine (D:15)
  A blizzard demon (Depths:2)
  A shambling mangrove (Swamp:4)
  4 yaktaur captains
  6 entropy weavers
  An ice dragon (Depths:1)
  A hell beast (D:15)
  11 hydras
  A jorogumo (Spider:3)
  9 vault guards
  A rakshasa (Depths:2)
  2 catoblepae (Lair:5)
  3 boulder beetles
  A ghost crab (Swamp:3)
  3 ogre magi
  8 centaur warriors
  3 spriggan air magi
  3 ironbound frosthearts
  12 two-headed ogres
  8 deep troll shamans
  8 death yaks
  3 tengu warriors
  11 alligators
  3 deep troll earth magi (Depths:4)
  2 spriggan berserkers
  A soul eater (Depths:4)
  3 hell knights
  5 spriggans
  Amaemon (D:11)
  A salamander mystic (Depths:1)
  Lodul (D:11)
  A fire crab (Gauntlet)
  6 iron trolls
  8 pharaoh ants
  47 deep trolls
  2 goliath frogs
  A spriggan druid (Swamp:3)
  3 wizards
  A flayed ghost (Depths:1)
  4 steelbarb worms
  8 orb spiders
  10 swamp dragons
  A necromancer (Depths:3)
  6 orc knights
  11 ironbound convokers
  A lindwurm (Lair:5)
  An oklob plant (Lair:1)
  13 bog bodies
  2 cyclopes
  3 will-o-the-wisps
  27 ugly things
  11 orc sorcerers (Orc:2)
  11 wolf spiders
  21 elephants
  6 manticores
  Joseph (D:8)
  2 salamanders
  7 moths of wrath
  3 torpor snails
  8 black mambas
  12 vault sentinels
  7 demonic crawlers
  14 cane toads
  2 orange demons
  Maggie (D:7)
  A gargoyle (D:7)
  13 komodo dragons
  2 efreet (D:15)
  20 yaktaurs
  7 rime drakes
  3 freezing wraiths
  2 tormentors
  A red devil (Depths:2)
  A hellwing (Zot:2)
  6 meliai
  4 polar bears
  7 trolls
  11 tyrant leeches
  13 hornets
  A queen bee (Spider:3)
  24 tarantellas
  A tarantella (shapeshifter) (D:15)
  16 blink frogs
  7 dream sheep
  29 jumping spiders
  27 culicivoras
  A vampire (D:13)
  8 shadows
  6 wyverns
  6 wraiths
  5 fire bats
  13 vampire mosquitoes
  9 basilisks
  55 redbacks
  A steam dragon (D:6)
  53 yaks
  A human (Lair:5)
  4 wargs
  Menkaure (D:7)
  5 acid dragons
  21 swamp worms
  16 water moccasins
  A nameless horror (Vaults:4)
  11 swamp drakes
  A sky beast (D:7)
  An ice beast (D:6)
  16 orc warriors
  A black bear (D:6)
  16 ogres
  2 boggarts (Vaults:3)
  11 wolves
  5 centaurs
  2 necrophages
  4 scorpions
  9 bullfrogs
  A glowing shapeshifter simulacrum (Depths:1)
  9 wights
  27 killer bees
  7 jellies
  9 howler monkeys
  An electric eel (Spider:4)
  A crimson imp (D:6)
  7 hounds
  Crazy Yiuf (D:2)
  19 orc priests
  5 iguanas
  21 orc wizards
  3 gnolls (D:4)
  8 adders
  2 ufetubi (D:5)
  2 worms
  71 orcs
  4 ball pythons
  5 bats
  3 endoplasms
  7 giant cockroaches
  10 goblins
  3 hobgoblins
  9 jackals
  A quokka (D:2)
  5 frilled lizards
  7 kobolds
  3 rats
  A ball lightning (Spider:1)
1226 creatures vanquished.

Vanquished Creatures (collateral kills)
  A dread lich (Zot:5)
  An ancient lich (Zot:5)
  4 orbs of fire (Zot:5)
  A juggernaut (Depths:2)
  Parghit (Depths:4)
  5 Killer Klowns (Zot:5)
  7 golden dragons
  the Enchantress (Depths:1)
  Arachne (Spider:4)
  An electric golem (Zot:5)
  Rupert (Lair:3)
  19 Orb Guardians
  6 tentacled monstrosities
  A titan (Depths:4)
  A quicksilver dragon (Zot:5)
  Asterion (Vaults:3)
  2 sphinxes
  A shadow dragon (Zot:3)
  A tengu reaver (Vaults:3)
  An eldritch tentacle (Depths:4)
  2 death cobs
  A storm dragon (Zot:3)
  An emperor scorpion (Spider:4)
  3 draconian monks
  A balrug (Depths:4)
  A draconian scorcher (Zot:5)
  Aizul (Spider:3)
  2 vault wardens (Vaults:4)
  3 draconian knights
  A fire giant (Depths:2)
  A draconian shifter (Depths:4)
  2 ghost moths
  2 draconian stormcallers
  An orc warlord (Vaults:3)
  2 draconian annihilators (Zot:5)
  2 spriggan defenders (Depths:1)
  8 ironbound preservers
  A reaper (Depths:4)
  7 stone giants
  A war gargoyle (Vaults:4)
  4 green draconians
  10 very ugly things
  2 ironbound thunderhulks
  A black draconian (Depths:4)
  3 eleionomae
  2 red draconians
  2 white draconians
  A deep elf annihilator (Vaults:4)
  2 purple draconians
  5 dire elephants
  3 spark wasps (Depths:3)
  2 yellow draconians
  10 fire dragons
  5 ettins
  3 yaktaur captains (Vaults:4)
  A ghost crab (Swamp:4)
  6 ice dragons
  5 hydras
  A rakshasa (Depths:2)
  A peacekeeper (Vaults:4)
  4 vault guards
  3 ironbound frosthearts
  2 alligators
  2 spriggan air magi
  2 vampire magi
  3 deep troll earth magi
  3 spriggan berserkers
  7 deep troll shamans
  A sun demon (Depths:2)
  5 iron trolls (Depths:2)
  2 hell knights (Depths:3)
  A spriggan druid (Swamp:3)
  4 swamp dragons
  24 deep trolls
  A bog body (Swamp:4)
  4 wizards
  13 ironbound convokers
  4 lindwurms
  A tengu zombie (Depths:1)
  A necromancer (Depths:1)
  3 orc knights
  18 ugly things
  A phantasmal warrior (Vaults:2)
  A harpy (Vaults:1)
  2 wolf spiders (Spider:4)
  A moth of wrath (Zot:2)
  A salamander (Depths:1)
  6 vault sentinels
  A fire giant skeleton (Depths:1)
  A nameless horror (Depths:3)
  3 torpor snails
  A smoke demon (Depths:2)
  A komodo dragon (Lair:2)
  A rime drake (Lair:1)
  An ice devil (Depths:4)
  A tengu conjurer (Depths:4)
  8 yaktaurs
  A hellwing (Depths:4)
  A hornet (Depths:1)
  A tarantella (Spider:4)
  An iron dragon simulacrum (Depths:1)
  A spriggan skeleton (Depths:1)
  4 spriggans (Depths:1)
  A chaos spawn (Depths:4)
  A redback (Spider:4)
  3 boggarts (Vaults:3)
  9 ball lightnings
330 creatures vanquished.

Vanquished Creatures (others)
  151 eldritch tentacles
  8 great orbs of eyes
  A ghost moth (Spider:4)
  A centaur warrior (Vaults:1)
  A wizard (Vaults:4)
  A lindwurm (Vaults:2)
  6 yaktaurs
  A tyrant leech (Swamp:3)
  13 slime creatures
  A slime creature (shapeshifter) (Depths:4)
  A wyvern (Lair:4)
  A redback (shapeshifter) (Vaults:2)
  An orc warrior (Orc:1)
  A black bear (D:5)
  A black bear (shapeshifter) (Vaults:4)
  A wolf (Lair:2)
  3 centaurs
  A kobold brigand (D:9)
  A bullfrog (Lair:2)
  A scorpion (D:9)
  2 killer bees
  2 howler monkeys
  216 jellies
  An iguana (D:3)
  11 orc wizards
  An ufetubus (Depths:1)
  A dart slug (D:4)
  16 orcs
  An endoplasm (D:4)
  A giant cockroach (D:3)
  A hobgoblin (D:4)
  6 kobolds
  A quokka (D:5)
  A frilled lizard (D:3)
  2 goblins (D:3)
  A rat (D:3)
  357 ball lightnings
  A bush (Lair:2)
  2 foxfires (Swamp:1)
  77 fungi
  158 plants
  8 withered plants
1063 creatures vanquished.

Grand Total: 2619 creatures vanquished

Notes
Turn   | Place    | Note
-------+----------+-------------------------------------------
     0 | D:1      | ParallaxScroll the Djinni Venom Mage began the quest for
                  | the Orb.
     0 | D:1      | ParallaxScroll set off with the following spells memorised:
                  | Sting, Poisonous Vapours, Mephitic Cloud, Olgreb's Toxic
                  | Radiance.
     0 | D:1      | Reached XP level 1. HP: 15/15 MP: 0/0
   101 | D:1      | Reached XP level 2. HP: 18/21 MP: 0/0
   407 | D:1      | Reached XP level 3. HP: 18/25 MP: 0/0
   407 | D:1      | Learned a level 1 spell: Shock
   969 | D:2      | Found a runed translucent door.
   970 | D:2      | Noticed Crazy Yiuf
  1221 | D:2      | Reached XP level 4. HP: 27/31 MP: 0/0
  1306 | D:2      | Found Hojuczust's Assorted Antiques.
  1311 | D:2      | Bought a scroll labelled MYATSU ITZAC for 22 gold pieces
  1311 | D:2      | Bought a green potion for 19 gold pieces
  1311 | D:2      | Bought a pink potion for 19 gold pieces
  1649 | D:2      | Found a faded altar of an unknown god.
  1693 | D:2      | Prayed at the altar of an unknown god.
  1693 | D:2      | Became a worshipper of Jiyva Jokhux the Shapeless
  1693 | D:2      | Reached * piety under Jiyva
  1718 | D:2      | Upgraded the game from 0.30-a0-652-gcc886f7154 to
                  | 0.30-a0-672-gc3a7216ad8
  1914 | D:3      | Reached skill level 1 in Fighting
  1914 | D:3      | Reached XP level 5. HP: 35/38 MP: 0/0
  1914 | D:3      | Learned a level 2 spell: Lesser Beckoning
  2081 | D:3      | Reached skill level 3 in Dodging
  2096 | D:2      | Reached XP level 6. HP: 14/43 MP: 0/0
  2233 | D:3      | Reached ** piety under Jiyva
  2768 | D:4      | Identified the +10 hand axe of Zoiseom {freeze, Int+2}
  3337 | D:5      | Entered Level 5 of the Dungeon
  3408 | D:4      | Reached skill level 5 in Spellcasting
  3408 | D:4      | Reached XP level 7. HP: 47/49 MP: 0/0
  3408 | D:4      | Learned a level 3 spell: Stone Arrow
  3498 | D:5      | Found a white marble altar of Elyvilon.
  3559 | D:5      | Reached *** piety under Jiyva
  3737 | D:5      | Gained mutation: Your mind is acute. (Int +4, Str/Dex -1)
                  | [Jiyva's grace]
  3737 | D:5      | Gained mutation: Your mind is very acute. (Int +8, Str/Dex
                  | -2) [Jiyva's grace]
  3737 | D:5      | Gained mutation: Your spells are a little harder to cast,
                  | but a little more powerful. [Jiyva's grace]
  3737 | D:5      | Gained mutation: Your spells are harder to cast, but more
                  | powerful. [Jiyva's grace]
  3750 | D:5      | Found a glowing silver altar of Zin.
  3840 | D:5      | Noticed a +0 dagger
  3841 | D:5      | Noticed a +0 dagger
  3851 | D:5      | Found a hide-covered altar of Uskayaw.
  4003 | D:6      | Reached XP level 8. HP: 52/56 MP: 0/0
  4066 | D:6      | Found a staircase to the Ecumenical Temple.
  4093 | D:6      | Reached skill level 1 in Armour
  4133 | D:6      | Reached skill level 1 in Evocations
  4156 | D:6      | Found a burning altar of Makhleb.
  4156 | D:6      | Found a shimmering altar of Xom.
  4241 | D:6      | Reached **** piety under Jiyva
  4287 | D:6      | Reached XP level 9. HP: 59/62 MP: 0/0
  4287 | D:6      | Learned a level 4 spell: Iskenderun's Mystic Blast
  4553 | D:7      | Noticed Maggie
  4590 | D:7      | Found an ornate altar of the Wu Jian Council.
  4693 | D:7      | Noticed a cyclops
  4805 | D:2      | Killed Crazy Yiuf
  4929 | D:7      | Killed Maggie
  4930 | D:7      | Reached skill level 4 in Dodging
  4970 | D:7      | Reached skill level 5 in Dodging
  4976 | D:7      | Noticed Menkaure
  4985 | D:7      | Killed Menkaure
  5023 | D:7      | Found a bloodstained altar of Trog.
  5061 | D:7      | Reached skill level 5 in Fighting
  5078 | D:7      | Noticed a gargoyle
  5084 | D:7      | Killed a gargoyle
  5085 | D:7      | Reached skill level 6 in Dodging
  5085 | D:7      | Reached XP level 10. HP: 69/72 MP: 0/0
  5090 | D:7      | Killed a cyclops
  5141 | D:7      | Found a runed translucent gate.
  5141 | D:7      | Found a shadowy altar of Dithmenos.
  5141 | D:7      | Found a runed translucent gate.
  5141 | D:7      | Found a runed translucent gate.
  5142 | D:7      | Noticed drugrobin's ghost (novice DgDe)
  5394 | D:8      | Noticed Joseph
  5404 | D:8      | Killed Joseph
  5405 | D:8      | Reached skill level 7 in Dodging
  5409 | D:8      | Found a broken altar of Ashenzari.
  5427 | D:8      | Reached ***** piety under Jiyva
  5485 | D:8      | Noticed a wizard
  5487 | D:8      | Killed a wizard
  5488 | D:8      | Reached skill level 8 in Dodging
  5529 | D:8      | Identified the +2 pair of gloves of the Slightly Bent {Harm
                  | Regen+}
  5542 | D:8      | Lost mutation: Your spells are harder to cast, but more
                  | powerful. [Jiyva's grace]
  5542 | D:8      | Gained mutation: Your melee attacks may engulf your foes in
                  | ooze. [Jiyva's grace]
  5542 | D:8      | Gained mutation: Your spells are harder to cast, but more
                  | powerful. [Jiyva's grace]
  5542 | D:8      | Gained mutation: Your spells are much harder to cast, but
                  | much more powerful. [Jiyva's grace]
  5542 | D:8      | Gained mutation: You have a small jelly attached to you
                  | that senses nearby items. [Jiyva's grace]
  5788 | D:8      | Found a blossoming altar of Fedhas.
  5829 | D:8      | Identified the +1 scale mail "Oseac" {rF+}
  5939 | D:8      | Reached skill level 9 in Dodging
  6378 | D:9      | Reached XP level 11. HP: 80/80 MP: 0/0
  6378 | D:9      | Learned a level 4 spell: Petrify
  6399 | D:9      | Found a staircase to the Lair.
  6666 | D:9      | Found a sparkling altar of Nemelex Xobeh.
  6715 | D:9      | Reached skill level 10 in Dodging
  6996 | D:10     | Entered Level 10 of the Dungeon
  7008 | D:10     | Noticed an orc knight
  7035 | D:10     | Killed an orc knight
  7085 | D:10     | Found a staircase to the Orcish Mines.
  7131 | D:10     | Noticed a red ugly thing
  7140 | D:10     | Killed a red ugly thing
  7144 | D:10     | Reached skill level 5 in Evocations
  7236 | D:10     | Reached ****** piety under Jiyva
  7277 | D:10     | Found a glowing golden altar of the Shining One.
  7318 | D:10     | Gained mutation: You have a pair of small antennae on your
                  | head. [Jiyva's grace]
  7318 | D:10     | Gained mutation: You have a pair of antennae on your head.
                  | [Jiyva's grace]
  7318 | D:10     | Gained mutation: You have a pair of large antennae on your
                  | head. (SInv) [Jiyva's grace]
  7318 | D:10     | Gained mutation: You are strong-willed. (Will+) [Jiyva's
                  | grace]
  7626 | D:11     | Noticed a two-headed ogre
  7629 | D:11     | Killed a two-headed ogre
  7633 | D:11     | Reached XP level 12. HP: 88/90 MP: 0/0
  7647 | D:11     | Noticed Amaemon
  7652 | D:11     | Killed Amaemon
  7717 | D:11     | Reached skill level 10 in Fighting
  7825 | D:11     | Noticed Lodul
  7889 | Lair:1   | Entered Level 1 of the Lair of Beasts
  7998 | Lair:1   | Reached skill level 11 in Dodging
  8032 | Lair:1   | Found a gate leading to a gauntlet.
  8054 | Gauntlet | Entered a Gauntlet
  8054 | Gauntlet | Noticed a fire crab
  8054 | Gauntlet | Found a transporter.
  8054 | Gauntlet | Found a transporter.
  8054 | Gauntlet | Found a transporter.
  8075 | Gauntlet | Found a transporter.
  8077 | Gauntlet | Found a transporter.
  8085 | Gauntlet | Found a transporter.
  8088 | Gauntlet | Found a transporter.
  8098 | Gauntlet | Found a transporter.
  8116 | Gauntlet | Found a transporter.
  8134 | Gauntlet | Found a transporter.
  8138 | Gauntlet | Found a transporter.
  8148 | Gauntlet | Found a transporter.
  8229 | Gauntlet | Identified the ring "Telyof" {Fly MP+9 Slay+4}
  8235 | Gauntlet | Killed a fire crab
  8305 | Gauntlet | Identified the +1 cloak of Anisuor {rPois SInv}
  8341 | Gauntlet | Identified the ring of the Dancing Gods {rElec rF+ Will+
                  | Int+2 Dex-3 Stlth+}
  8341 | Gauntlet | Noticed a minotaur
  8350 | Gauntlet | Killed a minotaur
  8472 | Lair:1   | Reached skill level 12 in Dodging
  8709 | Lair:1   | Reached XP level 13. HP: 71/99 MP: 0/0
  8709 | Lair:1   | Learned a level 5 spell: Yara's Violent Unravelling
  8766 | Lair:1   | Lost mutation: You have a pair of large antennae on your
                  | head. (SInv) [Jiyva's grace]
  8766 | Lair:1   | Lost mutation: Your spells are much harder to cast, but
                  | much more powerful. [Jiyva's grace]
  8766 | Lair:1   | Lost mutation: You have a small jelly attached to you that
                  | senses nearby items. [Jiyva's grace]
  8766 | Lair:1   | Gained mutation: Armour fits poorly on your pseudopods.
                  | [Jiyva's grace]
  8766 | Lair:1   | Gained mutation: Armour fits poorly on your large
                  | pseudopods. [Jiyva's grace]
  8766 | Lair:1   | Gained mutation: Armour fits poorly on your massive
                  | pseudopods. [Jiyva's grace]
  8766 | Lair:1   | Gained mutation: Your spells are much harder to cast, but
                  | much more powerful. [Jiyva's grace]
  8851 | Lair:1   | Identified the +6 chain mail of Hepliaklqana's Reproof
                  | {Harm Regen+ Int+3 Dex-5}
  8924 | Lair:1   | Noticed a fire dragon
  8936 | Lair:1   | Killed a fire dragon
  8937 | Lair:1   | Reached skill level 13 in Dodging
  9584 | Lair:2   | Reached skill level 10 in Spellcasting
  9637 | Lair:2   | Identified the +7 rapier "Yvvak" {freeze, MP+9 Int-3 Dex+2
                  | SInv}
  9689 | Lair:2   | Reached skill level 5 in Armour
 10181 | Lair:2   | Found a staircase to the Swamp.
 10328 | Lair:3   | Reached XP level 14. HP: 91/105 MP: 0/0
 10330 | Lair:3   | Noticed Rupert
 10343 | Lair:3   | Killed Rupert
 10625 | Lair:3   | Lost mutation: You have a pair of antennae on your head.
                  | [Jiyva's grace]
 10625 | Lair:3   | Lost mutation: Your spells are much harder to cast, but
                  | much more powerful. [Jiyva's grace]
 10625 | Lair:3   | Lost mutation: Armour fits poorly on your massive
                  | pseudopods. [Jiyva's grace]
 10625 | Lair:3   | Lost mutation: Armour fits poorly on your large pseudopods.
                  | [Jiyva's grace]
 10625 | Lair:3   | Gained mutation: You are somewhat resistant to further
                  | mutation. [Jiyva's grace]
 10625 | Lair:3   | Gained mutation: You are somewhat resistant to both further
                  | mutation and mutation removal. [Jiyva's grace]
 10625 | Lair:3   | Gained mutation: You are almost entirely resistant to
                  | further mutation and mutation removal. [Jiyva's grace]
 10625 | Lair:3   | Gained mutation: Your rubbery body absorbs attacks. (AC +1,
                  | EV +1) [Jiyva's grace]
 10757 | Lair:3   | Found a hole to the Spider Nest.
 12061 | Lair:5   | Entered Level 5 of the Lair of Beasts
 12161 | Lair:5   | Reached skill level 10 in Evocations
 12447 | Lair:5   | Identified the +2 trident of the Moon {vamp, rElec rC+}
 12510 | Lair:5   | Lost mutation: Your mind is very acute. (Int +8, Str/Dex
                  | -2) [Jiyva's grace]
 12510 | Lair:5   | Lost mutation: You are strong-willed. (Will+) [Jiyva's
                  | grace]
 12510 | Lair:5   | Lost mutation: Your spells are harder to cast, but more
                  | powerful. [Jiyva's grace]
 12510 | Lair:5   | Lost mutation: Armour fits poorly on your pseudopods.
                  | [Jiyva's grace]
 12510 | Lair:5   | Gained mutation: You have a pair of antennae on your head.
                  | [Jiyva's grace]
 12510 | Lair:5   | Gained mutation: You have a pair of large antennae on your
                  | head. (SInv) [Jiyva's grace]
 12510 | Lair:5   | Gained mutation: Your mind is very acute. (Int +8, Str/Dex
                  | -2) [Jiyva's grace]
 12510 | Lair:5   | Gained mutation: Your flesh is almost immune to the effects
                  | of heat. (rF+++) [Jiyva's grace]
 12715 | Lair:5   | Reached XP level 15. HP: 112/112 MP: 0/0
 12715 | Lair:5   | Learned a level 6 spell: Conjure Ball Lightning
 12883 | Lair:5   | Found a runed translucent door.
 12989 | Lair:5   | Found a staircase to the Slime Pits.
 13697 | D:11     | Killed Lodul
 13870 | D:12     | Noticed Sonja
 13871 | D:12     | Sonja changed into Sonja the warg
 13871 | D:12     | Noticed Sonja
 13873 | D:12     | Killed Sonja the warg
 13992 | D:12     | Noticed Snorg
 13994 | D:12     | Noticed Nessos
 13997 | D:12     | Was placed under penance by Jiyva
 14000 | D:12     | Killed Snorg
 14003 | D:12     | Killed Nessos
 14096 | D:12     | Was forgiven by Jiyva
 14136 | D:12     | You are sucked into a shaft and drop 2 floors!
 14437 | D:13     | Lost mutation: Your flesh is almost immune to the effects
                  | of heat. (rF+++) [Jiyva's grace]
 14437 | D:13     | Lost mutation: You are almost entirely resistant to further
                  | mutation and mutation removal. [Jiyva's grace]
 14437 | D:13     | Gained mutation: Your body has grown eyes which may confuse
                  | attackers. (Acc +3) [Jiyva's grace]
 14437 | D:13     | Gained mutation: Your body has grown many eyes which may
                  | confuse attackers. (Acc +5) [Jiyva's grace]
 14437 | D:13     | Gained mutation: Your body is covered in eyes which may
                  | confuse attackers. (Acc +7, SInv) [Jiyva's grace]
 14437 | D:13     | Gained mutation: You possess an exceptional clarity of
                  | mind. [Jiyva's grace]
 14685 | D:13     | Found a portal to a secret trove of treasure.
 14872 | D:14     | Identified the +1 buckler of Peek-a-Boo {Rampage Dex+3}
 14937 | D:14     | Reached skill level 1 in Shields
 14987 | D:14     | Reached XP level 16. HP: 97/118 MP: 0/0
 15022 | D:14     | Reached skill level 5 in Shields
 15149 | D:14     | Found a bloodstained altar of Trog.
 15149 | D:14     | Noticed Aqonk's ghost (journeyman OpAE)
 15159 | D:14     | Found a transporter.
 15165 | D:14     | Found a transporter.
 15271 | D:14     | Found a gate to the Vaults.
 15538 | Orc:1    | Entered Level 1 of the Orcish Mines
 15737 | Orc:2    | Entered Level 2 of the Orcish Mines
 15773 | Orc:2    | Found a staircase to the Elven Halls.
 15864 | Orc:2    | Lost mutation: You have a pair of large antennae on your
                  | head. (SInv) [Jiyva's grace]
 15864 | Orc:2    | Lost mutation: Your mind is very acute. (Int +8, Str/Dex
                  | -2) [Jiyva's grace]
 15864 | Orc:2    | Lost mutation: You are somewhat resistant to both further
                  | mutation and mutation removal. [Jiyva's grace]
 15864 | Orc:2    | Lost mutation: Your body is covered in eyes which may
                  | confuse attackers. (Acc +7, SInv) [Jiyva's grace]
 15864 | Orc:2    | Lost mutation: Your body has grown many eyes which may
                  | confuse attackers. (Acc +5) [Jiyva's grace]
 15864 | Orc:2    | Gained mutation: You expend health (3 HP) to strengthen
                  | your wands. [Jiyva's grace]
 15864 | Orc:2    | Gained mutation: Your movements are slightly less
                  | encumbered by armour. (ER -2) [Jiyva's grace]
 15864 | Orc:2    | Gained mutation: Your movements are less encumbered by
                  | armour. (ER -4) [Jiyva's grace]
 15864 | Orc:2    | Gained mutation: Your movements are significantly less
                  | encumbered by armour. (ER -6) [Jiyva's grace]
 15865 | Orc:2    | Found Baurgh Zomu's CLEARANCE SALE!.
 16619 | Orc:2    | Found Biklaug's Magic Scroll Shop.
 16670 | Orc:2    | Found Zegiamn's Magic Scroll Shop.
 16708 | Orc:2    | Found Ythruv's Antique Weapon Boutique.
 16709 | Orc:2    | Found Elownibe's Book Shop.
 16774 | Orc:2    | Bought a scroll of fog for 48 gold pieces
 16774 | Orc:2    | Bought a scroll of fog for 48 gold pieces
 16774 | Orc:2    | Bought 3 scrolls of fear for 144 gold pieces
 16797 | Orc:2    | Bought a scroll of fear for 64 gold pieces
 16797 | Orc:2    | Bought a scroll of fear for 64 gold pieces
 16797 | Orc:2    | Bought a scroll of fog for 64 gold pieces
 16820 | Orc:2    | Bought a scroll of identify for 24 gold pieces
 16820 | Orc:2    | Bought a scroll of identify for 24 gold pieces
 16995 | D:13     | You paid a toll of 4 scrolls of fog to enter a treasure
                  | trove
 16996 | Trove    | Entered a treasure trove
 17085 | D:13     | Upgraded the game from 0.30-a0-672-gc3a7216ad8 to
                  | 0.30-a0-691-g754fce4c43
 17137 | D:15     | Entered Level 15 of the Dungeon
 17265 | D:15     | Noticed Josephine
 17270 | D:15     | Was placed under penance by Jiyva
 17282 | D:15     | Identified Roxanne's Incunable of Clay
 17282 | D:15     | Noticed Roxanne
 17470 | D:15     | Killed Josephine
 17581 | D:15     | Reached skill level 10 in Shields
 17618 | D:15     | Reached skill level 14 in Dodging
 17629 | D:15     | Reached skill level 15 in Dodging
 17664 | D:15     | Lost mutation: Your rubbery body absorbs attacks. (AC +1,
                  | EV +1) [the all-consuming vengeance of Jiyva]
 17664 | D:15     | Was forgiven by Jiyva
 17700 | D:15     | Found a staircase to the Depths.
 18189 | Spider:1 | Entered Level 1 of the Spider Nest
 18431 | Spider:1 | Reached XP level 17. HP: 115/127 MP: 0/0
 18431 | Spider:1 | Learned a level 7 spell: Malign Gateway
 18916 | Orc:2    | Bought a scroll of identify for 24 gold pieces
 18916 | Orc:2    | Identified a scroll of acquirement
 18917 | Orc:2    | Acquired a manual of Dodging
 18942 | Orc:2    | Bought a scroll of identify for 32 gold pieces
 19303 | Spider:1 | Lost mutation: You have a pair of antennae on your head.
                  | [Jiyva's grace]
 19303 | Spider:1 | Lost mutation: Your spells are a little harder to cast, but
                  | a little more powerful. [Jiyva's grace]
 19303 | Spider:1 | Lost mutation: You expend health (3 HP) to strengthen your
                  | wands. [Jiyva's grace]
 19303 | Spider:1 | Gained mutation: Your mind is very acute. (Int +8, Str/Dex
                  | -2) [Jiyva's grace]
 19303 | Spider:1 | Gained mutation: You are covered in slimy tendrils that may
                  | disarm your opponents. [Jiyva's grace]
 19303 | Spider:1 | Gained mutation: You have a small jelly attached to you
                  | that senses nearby items. [Jiyva's grace]
 19303 | Spider:1 | Gained mutation: Your muscles are strong. (Str +4, Int/Dex
                  | -1) [Jiyva's grace]
 19933 | Spider:2 | Acquired 799 gold pieces
 20532 | Spider:3 | Lost mutation: You are somewhat resistant to further
                  | mutation. [Jiyva's grace]
 20532 | Spider:3 | Lost mutation: Your movements are significantly less
                  | encumbered by armour. (ER -6) [Jiyva's grace]
 20532 | Spider:3 | Lost mutation: Your movements are less encumbered by
                  | armour. (ER -4) [Jiyva's grace]
 20532 | Spider:3 | Gained mutation: You expend health (3 HP) to strengthen
                  | your wands. [Jiyva's grace]
 20532 | Spider:3 | Gained mutation: Your spells are a little harder to cast,
                  | but a little more powerful. [Jiyva's grace]
 20532 | Spider:3 | Gained mutation: Your spells are harder to cast, but more
                  | powerful. [Jiyva's grace]
 20532 | Spider:3 | Gained mutation: Your spells are much harder to cast, but
                  | much more powerful. [Jiyva's grace]
 20976 | Swamp:1  | Entered Level 1 of the Swamp
 21009 | Swamp:1  | Reached skill level 15 in Spellcasting
 21699 | Swamp:2  | Reached XP level 18. HP: 132/132 MP: 0/0
 22465 | Swamp:3  | Identified the +0 scale mail of the Moon {Dex+3 Stlth+}
 22734 | Swamp:3  | Lost mutation: You have a pair of small antennae on your
                  | head. [Jiyva's grace]
 22734 | Swamp:3  | Lost mutation: Your mind is very acute. (Int +8, Str/Dex
                  | -2) [Jiyva's grace]
 22734 | Swamp:3  | Lost mutation: Your muscles are strong. (Str +4, Int/Dex
                  | -1) [Jiyva's grace]
 22734 | Swamp:3  | Lost mutation: Your spells are much harder to cast, but
                  | much more powerful. [Jiyva's grace]
 22734 | Swamp:3  | Lost mutation: You have a small jelly attached to you that
                  | senses nearby items. [Jiyva's grace]
 22734 | Swamp:3  | Gained mutation: Your muscles are strong. (Str +4, Int/Dex
                  | -1) [Jiyva's grace]
 22734 | Swamp:3  | Gained mutation: Your muscles are very strong. (Str +8,
                  | Int/Dex -2) [Jiyva's grace]
 22734 | Swamp:3  | Gained mutation: You have a small jelly attached to you
                  | that may absorb projectiles. [Jiyva's grace]
 22734 | Swamp:3  | Gained mutation: You have hidden genetic potential.
                  | [Jiyva's grace]
 22942 | Swamp:4  | Entered Level 4 of the Swamp
 23036 | Swamp:4  | Noticed Louise
 23041 | Swamp:4  | Killed Louise
 23042 | Swamp:4  | Reached skill level 16 in Dodging
 23136 | Swamp:3  | Reached skill level 17 in Dodging
 23278 | Swamp:4  | Reached skill level 15 in Fighting
 23612 | Swamp:4  | Reached skill level 18 in Dodging
 24086 | Swamp:4  | Got a decaying rune of Zot
 24134 | Swamp:4  | Identified the +4 whip "Zogovvog" {freeze, rN+ Stlth+}
 24205 | Swamp:4  | Found a runed translucent gate.
 24205 | Swamp:4  | Found a runed translucent gate.
 24205 | Swamp:4  | Found a runed translucent gate.
 24214 | Swamp:4  | Noticed AigisTheKnight's ghost (adept GrEE)
 24430 | Spider:4 | Entered Level 4 of the Spider Nest
 24439 | Spider:4 | Noticed Aizul
 24441 | Spider:4 | Reached XP level 19. HP: 145/145 MP: 0/0
 24441 | Spider:4 | Learned a level 6 spell: Summon Cactus Giant
 24519 | Spider:4 | Noticed Arachne
 24527 | Spider:3 | Killed Aizul
 24716 | Spider:3 | Reached skill level 19 in Dodging
 24890 | Spider:4 | Killed Arachne
 25151 | Spider:4 | Gained mutation: You have great hidden genetic potential.
                  | [hidden potential]
 25790 | Spider:4 | Got a gossamer rune of Zot
 26050 | Vaults:1 | Entered Level 1 of the Vaults
 26232 | Vaults:1 | Reached skill level 20 in Dodging
 26260 | Vaults:1 | Noticed Zenata
 26268 | Vaults:1 | Killed Zenata
 26314 | Vaults:1 | Lost mutation: You have great hidden genetic potential.
                  | [Jiyva's grace]
 26314 | Vaults:1 | Lost mutation: Your melee attacks may engulf your foes in
                  | ooze. [Jiyva's grace]
 26314 | Vaults:1 | Gained mutation: You have sharp fingernails. [Jiyva's
                  | grace]
 26314 | Vaults:1 | Gained mutation: You have very sharp fingernails. [Jiyva's
                  | grace]
 26314 | Vaults:1 | Gained mutation: You have claws for hands. [Jiyva's grace]
 26314 | Vaults:1 | Gained mutation: You are partially covered in iridescent
                  | scales. (AC +2) [Jiyva's grace]
 27206 | Vaults:1 | Reached XP level 20. HP: 150/157 MP: 0/0
 27643 | Vaults:2 | Found Gagedyr's Armour Shoppe.
 28392 | Vaults:2 | Gained mutation: Your flesh is almost immune to the effects
                  | of heat. (rF+++) [hidden potential]
 28392 | Vaults:2 | Lost mutation: You have hidden genetic potential. [hidden
                  | potential expressed]
 28552 | Vaults:2 | Found a large runed translucent door.
 28553 | Vaults:2 | Found a large runed translucent door.
 28553 | Vaults:2 | Noticed Ruyty's ghost (adept DsGl)
 28559 | Vaults:2 | Found a transporter.
 28988 | Vaults:2 | Found a transporter.
 29025 | Vaults:2 | Upgraded the game from 0.30-a0-691-g754fce4c43 to
                  | 0.30-a0-696-g2367cd04db
 29177 | Vaults:3 | Found Waotew's Book Boutique.
 29254 | Vaults:3 | Noticed Asterion
 29403 | Vaults:3 | Killed Asterion
 29443 | Vaults:3 | Lost mutation: You are partially covered in iridescent
                  | scales. (AC +2) [Jiyva's grace]
 29443 | Vaults:3 | Lost mutation: You possess an exceptional clarity of mind.
                  | [Jiyva's grace]
 29443 | Vaults:3 | Lost mutation: Your muscles are very strong. (Str +8,
                  | Int/Dex -2) [Jiyva's grace]
 29443 | Vaults:3 | Gained mutation: Armour fits poorly on your pseudopods.
                  | [Jiyva's grace]
 29443 | Vaults:3 | Gained mutation: Armour fits poorly on your large
                  | pseudopods. [Jiyva's grace]
 29443 | Vaults:3 | Gained mutation: Armour fits poorly on your massive
                  | pseudopods. [Jiyva's grace]
 29443 | Vaults:3 | Gained mutation: You passively map a small area around you.
                  | [Jiyva's grace]
 29473 | Vaults:3 | Found a transporter.
 29473 | Vaults:3 | Identified the ring "Hoinis" {*Corrode rElec Str+4 Int+6}
 29475 | Vaults:3 | Noticed a tentacled monstrosity
 29516 | Vaults:3 | Found a transporter.
 29560 | Vaults:3 | Identified the ring of the Devil's Advocate {rC+ Str+6
                  | Dex-2}
 29815 | Vaults:3 | Found a crumbling gateway.
 29859 | Vaults:3 | Reached skill level 15 in Evocations
 30547 | Vaults:3 | Found a staircase to the Crypt.
 30547 | Vaults:3 | Found a basalt altar of Yredelemnul.
 31274 | Vaults:4 | Reached XP level 21. HP: 149/163 MP: 0/0
 31274 | Vaults:4 | Learned a level 8 spell: Summon Horrible Things
 32554 | Vaults:4 | Reached skill level 10 in Armour
 32619 | Vaults:4 | Lost mutation: Your muscles are strong. (Str +4, Int/Dex
                  | -1) [Jiyva's grace]
 32619 | Vaults:4 | Lost mutation: Your body has grown eyes which may confuse
                  | attackers. (Acc +3) [Jiyva's grace]
 32619 | Vaults:4 | Lost mutation: Armour fits poorly on your massive
                  | pseudopods. [Jiyva's grace]
 32619 | Vaults:4 | Gained mutation: You are robust. (+10% HP) [Jiyva's grace]
 32619 | Vaults:4 | Gained mutation: You are very robust. (+20% HP) [Jiyva's
                  | grace]
 32619 | Vaults:4 | Gained mutation: You are extremely robust. (+30% HP)
                  | [Jiyva's grace]
 32619 | Vaults:4 | Gained mutation: Your mind is very acute. (Int +8, Str/Dex
                  | -2) [Jiyva's grace]
 33136 | Vaults:4 | Identified the +6 trident of Perversion {freeze, rElec rN+
                  | Will+ Str-5}
 34517 | Depths:1 | Entered Level 1 of the Depths
 34517 | Depths:1 | Found a gateway to Hell.
 34995 | Depths:1 | Reached XP level 22. HP: 203/219 MP: 0/0
 35054 | Depths:1 | Found a runed translucent gate.
 35054 | Depths:1 | Found a runed translucent gate.
 35054 | Depths:1 | Found a runed translucent gate.
 35092 | Depths:1 | Noticed the Enchantress
 35208 | Depths:1 | Killed the Enchantress
 35224 | Depths:1 | Upgraded the game from 0.30-a0-696-g2367cd04db to
                  | 0.30-a0-702-gdf48620a09
 35247 | Depths:1 | Noticed Roplacol's ghost (master GrFi)
 35247 | Depths:1 | Noticed Xutext's ghost (adept DsAK)
 35248 | Depths:1 | Noticed Imio's ghost (adept DgCj)
 35262 | Depths:1 | Reached skill level 21 in Dodging
 35486 | Depths:1 | Lost mutation: You are extremely robust. (+30% HP) [Jiyva's
                  | grace]
 35486 | Depths:1 | Lost mutation: Your spells are harder to cast, but more
                  | powerful. [Jiyva's grace]
 35486 | Depths:1 | Lost mutation: You have a small jelly attached to you that
                  | may absorb projectiles. [Jiyva's grace]
 35486 | Depths:1 | Lost mutation: Your movements are slightly less encumbered
                  | by armour. (ER -2) [Jiyva's grace]
 35486 | Depths:1 | Gained mutation: Your translucent skin slightly reduces
                  | your foes' accuracy. (Stealth+) [Jiyva's grace]
 35486 | Depths:1 | Gained mutation: Your translucent skin reduces your foes'
                  | accuracy. (Stealth+) [Jiyva's grace]
 35486 | Depths:1 | Gained mutation: Your transparent skin significantly
                  | reduces your foes' accuracy. (Stealth+) [Jiyva's grace]
 35486 | Depths:1 | Gained mutation: You are strong-willed. (Will+) [Jiyva's
                  | grace]
 35716 | Depths:1 | Identified the +5 halberd of Udepne Sagg {holy, Drain rElec
                  | rF+++ Int-4}
 35889 | Depths:2 | Reached skill level 22 in Dodging
 35906 | Depths:2 | Noticed a juggernaut
 35915 | Depths:2 | Killed a juggernaut
 35982 | Depths:2 | Reached skill level 23 in Dodging
 36043 | Depths:2 | Found a one-way gateway to a ziggurat.
 36600 | Depths:2 | Found a hide-covered altar of Uskayaw.
 36625 | Depths:2 | Found a one-way gate leading to the halls of Pandemonium.
 37276 | Depths:3 | Found a basalt altar of Yredelemnul.
 37317 | Depths:3 | Reached skill level 24 in Dodging
 37930 | Depths:3 | Identified the +8 plate armour of Mezcal {rN+ Will- Int+2
                  | Dex+5}
 37977 | Depths:3 | Found Lowynaed's Demolitions Depot.
 38012 | Depths:3 | Found a corrupted altar of Lugonu.
 38013 | Depths:3 | Found a one-way gate to the infinite horrors of the Abyss.
 38125 | Depths:3 | Lost mutation: You have claws for hands. [Jiyva's grace]
 38125 | Depths:3 | Lost mutation: Your mind is very acute. (Int +8, Str/Dex
                  | -2) [Jiyva's grace]
 38125 | Depths:3 | Lost mutation: You are very robust. (+20% HP) [Jiyva's
                  | grace]
 38125 | Depths:3 | Lost mutation: Your transparent skin significantly reduces
                  | your foes' accuracy. (Stealth+) [Jiyva's grace]
 38125 | Depths:3 | Gained mutation: Your mind is very acute. (Int +8, Str/Dex
                  | -2) [Jiyva's grace]
 38125 | Depths:3 | Gained mutation: You have a small jelly attached to you
                  | that may absorb projectiles. [Jiyva's grace]
 38125 | Depths:3 | Gained mutation: Your transparent skin significantly
                  | reduces your foes' accuracy. (Stealth+) [Jiyva's grace]
 38125 | Depths:3 | Gained mutation: You are agile. (Dex +4, Str/Int -1)
                  | [Jiyva's grace]
 38344 | Depths:4 | Entered Level 4 of the Depths
 38348 | Depths:4 | Reached XP level 23. HP: 140/192 MP: 0/0
 38348 | Depths:4 | Learned a level 8 spell: Borgnjor's Revivification
 38388 | Depths:4 | Identified the ring "Wutir" {rPois Will++ Str+6 Int+2
                  | Stlth-}
 38809 | D:2      | Bought a phial of floods for 880 gold pieces
 39283 | Depths:4 | Noticed Parghit
 39306 | Depths:4 | Noticed a golden dragon
 39311 | Depths:4 | Killed a golden dragon
 39704 | Depths:4 | Killed Parghit
 40030 | Depths:4 | Found a gate to the Realm of Zot.
 40031 | Depths:4 | Noticed a golden dragon
 40051 | Depths:4 | Killed a golden dragon
 40671 | Depths:4 | Identified the +2 spear "Transmigrator" {freeze, Str+5}
 41418 | Slime:1  | Entered Level 1 of the Pits of Slime
 41427 | Slime:2  | Noticed Dissolution
 41447 | Slime:5  | Entered Level 5 of the Pits of Slime
 41459 | Slime:5  | Found a viscous altar of Jiyva.
 41461 | Slime:5  | Noticed the Royal Jelly
 41461 | Slime:5  | Found the ring of the Tortoise {AC+8}
 41462 | Slime:5  | Identified the +1 rapier of the Writhing Dove {pain,
                  | Fragile rElec rN+ Str+3}
 41476 | Slime:5  | Identified the amulet "Uryfiav" {Reflect Harm SH+5}
 41486 | Slime:5  | Identified the +6 glaive of Emura {drain, rF++ Int+3}
 41492 | Slime:5  | Identified the +4 war axe of the Damp God {freeze, rC+ rN+
                  | Str-4}
 41494 | Slime:5  | Identified the +0 sling "Arbiter" {heavy, Str+4 Int+5}
 41497 | Slime:5  | Got a slimy rune of Zot
 41893 | Zot:1    | Entered Level 1 of the Realm of Zot
 42597 | Zot:2    | Identified the +6 mace of Prudence {vamp, Str+4}
 42709 | Zot:2    | Lost mutation: You are strong-willed. (Will+) [mutagenic
                  | glow]
 42746 | Zot:2    | Noticed a golden dragon
 42746 | Zot:2    | Noticed a golden dragon
 42755 | Zot:2    | Killed a golden dragon
 42756 | Zot:2    | Killed a golden dragon
 43164 | Zot:5    | Entered Level 5 of the Realm of Zot
 43480 | Zot:5    | Noticed a golden dragon
 43492 | Zot:5    | Killed a golden dragon
 43493 | Zot:5    | Reached XP level 24. HP: 199/199 MP: 0/0
 43639 | Zot:5    | Noticed a Killer Klown
 43645 | Zot:5    | Killed a Killer Klown
 44424 | Zot:5    | Noticed an orb of fire
 44430 | Zot:5    | Gained mutation: You occasionally lose the ability to drink
                  | potions when taking damage. [an orb of fire]
 44438 | Zot:5    | Noticed an orb of fire
 44447 | Zot:5    | Killed an orb of fire
 44449 | Zot:5    | Noticed an ancient lich
 44458 | Zot:5    | Noticed an orb of fire
 44464 | Zot:5    | Noticed a Killer Klown
 44823 | Zot:5    | Noticed a Killer Klown
 44829 | Zot:5    | Killed a Killer Klown
 44892 | Zot:5    | Noticed a Killer Klown
 44897 | Zot:5    | Killed an orb of fire
 44898 | Zot:5    | Killed an orb of fire
 44901 | Zot:5    | Noticed a Killer Klown
 44903 | Zot:5    | Killed a Killer Klown
 44906 | Zot:5    | Killed a Killer Klown
 44907 | Zot:5    | Reached skill level 25 in Dodging
 45782 | Zot:5    | Noticed a Killer Klown
 45946 | Zot:5    | Killed an ancient lich
 45948 | Zot:5    | Noticed a golden dragon
 45958 | Zot:5    | Killed a golden dragon
 46091 | Zot:5    | Killed a Killer Klown
 46238 | Zot:5    | Noticed a dread lich
 46247 | Zot:5    | Gained mutation: You are occasionally teleported next to
                  | monsters. [an orb of fire]
 46253 | Zot:5    | Killed a dread lich
 46255 | Zot:5    | Killed an orb of fire
 46340 | Zot:5    | Noticed a golden dragon
 46346 | Zot:5    | Lost mutation: You expend health (3 HP) to strengthen your
                  | wands. [potion of mutation]
 46346 | Zot:5    | Lost mutation: Armour fits poorly on your large pseudopods.
                  | [potion of mutation]
 46346 | Zot:5    | Lost mutation: You are occasionally teleported next to
                  | monsters. [potion of mutation]
 46346 | Zot:5    | Lost mutation: Your transparent skin significantly reduces
                  | your foes' accuracy. (Stealth+) [potion of mutation]
 46347 | Zot:5    | Noticed a Killer Klown
 46347 | Zot:5    | Killed a golden dragon
 46349 | Zot:5    | Noticed a dread lich
 46479 | Zot:5    | Noticed a Killer Klown
 46488 | Zot:5    | Killed a Killer Klown
 46636 | Zot:5    | Killed a Killer Klown
 46637 | Zot:5    | Reached XP level 25. HP: 213/213 MP: 0/0
 46637 | Zot:5    | Learned a level 8 spell: Lehudib's Crystal Spear
 47116 | Zot:5    | Lost mutation: You are agile. (Dex +4, Str/Int -1) [Jiyva's
                  | grace]
 47116 | Zot:5    | Lost mutation: Your translucent skin reduces your foes'
                  | accuracy. (Stealth+) [Jiyva's grace]
 47116 | Zot:5    | Lost mutation: You occasionally lose the ability to drink
                  | potions when taking damage. [Jiyva's grace]
 47116 | Zot:5    | Gained mutation: You possess an exceptional clarity of
                  | mind. [Jiyva's grace]
 47116 | Zot:5    | Gained mutation: Your rubbery body absorbs attacks. (AC +1,
                  | EV +1) [Jiyva's grace]
 47116 | Zot:5    | Gained mutation: Your pliable body absorbs attacks. (AC +2,
                  | EV +2) [Jiyva's grace]
 47116 | Zot:5    | Gained mutation: Your gelatinous body deflects attacks. (AC
                  | +3, EV +3) [Jiyva's grace]
 47191 | Zot:5    | Killed a Killer Klown
 47222 | Zot:5    | Killed a dread lich
 47415 | Zot:5    | Got the Orb of Zot
 47453 | Zot:5    | Noticed Cutzoxyz the pandemonium lord
 47640 | Depths:2 | Noticed Qyzigu the pandemonium lord
 47654 | Depths:1 | Noticed Uwuosus the pandemonium lord
 47932 | D:1      | Noticed a seraph
 47939 | D:$      | Escaped with the Orb!

Illustrated notes

Levels and vault maps discovered:
D:1:      tekkud_arrival_beachfront_property, layout_loops_ring,
          minmay_lizard_pond
D:2:      layout_rooms, shapermc_ecumenical_altar_ellora, serial_shops,
          nicolae_shop_hallway_plus, basic_altar, st_stairs_14,
          reono_crystal_passage, chequers_serial_rivers_micro_d,
          minmay_tetromino_s2, uniq_crazy_yiuf_cottage
D:3:      layout_rooms, vehumet_crystals
D:4:      layout_basic
D:5:      layout_basic, mainiacjoe_overflow_surrounded_room, elyvilon_altar_4,
          dancing_weapons_uskayaw
D:6:      layout_basic, grunt_temple_overflow_champion_of_chaos,
          kennysheep_little_box, minmay_temple_entry_waves
D:7:      layout_rooms, trog_book, mainiacjoe_overflow_tiny_flanked,
          lemuel_crystal_altar, gammafunk_ghost_necromancy,
          hangedman_glass_teeth, uniq_maggie, uniq_menkaure
D:8:      cheibrodos_wizards_tower, layout_loops_ring,
          mainiacjoe_overflow_24_doors, fedhas_altar_4,
          nicolae_ashenzari_panopticon, uniq_joseph
D:9:      layout_irregular_city, nemelex_altar_shiori, minmay_lair_entry_grove,
          amcnicky_mini_corridor_feature
D:10:     layout_irregular_city, mainiacjoe_overflow_boulevard, david_orc_5
D:11:     layout_rooms, uniq_lodul, uniq_amaemon
D:12:     layout_gridville, hex_tiny, uniq_snorg, uniq_sonja, uniq_nessos
D:13:     layout_rooms, nicolae_trove_entry_diagonal
D:14:     layout_cave_pools, erik_vaults_2, gammafunk_ghost_wrathful_warriors,
          moated_statue
D:15:     hangedman_depths_entry_try_elsewhere_first, layout_irregular_city,
          hangedman_abyss_or_decor_stagger, uniq_roxanne, uniq_josephine
Lair:1:   dragon1_lemuel, layout_cave_pods, gauntlet_entry_generic,
          minmay_shattered_shrine, grunt_megastairs_2
Lair:2:   nzn_winding_woodlands_stair_cross [nzn_winding_woodlands_5x15_jagged,
          nzn_winding_woodlands_center_garden,
          nzn_winding_woodlands_5x15_parted, nzn_winding_woodlands_hourglass,
          nzn_winding_woodlands_5x5_checkerboard,
          nzn_winding_woodlands_5x15_twine,
          nzn_winding_woodlands_center_triple_pond,
          nzn_winding_woodlands_5x15_lazy_stream], layout_loops_ring,
          minmay_swamp_entry_worms
Lair:3:   layout_roguey, hellmonk_spider_entry_life_and_decay, minivault_19,
          uniq_rupert
Lair:4:   layout_small_grid, serial_bayou_crossing, serial_bayou_shore_b,
          lemuel_fruit_tree, lemuel_fruit_fields, infiniplex_staircase_pool_2
Lair:5:   hangedman_lair_in_review, layout_loops_ring, guppyfry_lair_end_dragon,
          dpeg_slime_entry_corner, pdpol_lair_cabin_in_the_woods
Swamp:1:  layout_basic_swamp, evilmike_swamp_ruin_house_4
Swamp:2:  layout_basic_swamp, hangedman_swamp_ruin_wall, swamp_pool1
Swamp:3:  layout_basic_swamp, hangedman_swamp_ruin_hall
Swamp:4:  grunt_swamp_rune_castle, layout_basic_swamp,
          ebering_ghost_rock_garden, swamp_pool5, grunt_ruined_hall, uniq_louise
Spider:1: layout_spider_delve, hangedman_spider_tarantella_strand
Spider:2: layout_spider_delve
Spider:3: layout_spider_delve, special_room [special_room_bee]
Spider:4: spider_rune_water, uniq_arachne, uniq_aizul
Slime:1:  layout_caves
Slime:2:  layout_caves, uniq_dissolution
Slime:3:  layout_caves, nicolae_slime_barrier
Slime:4:  layout_caves
Slime:5
Orc:1:    layout_caves
Orc:2:    kennysheep_orc_mage_school, layout_caves, basic_altar,
          nicolae_shop_clearance
Vaults:1: vaults_mumra_minichess, grunt_vaults_hallway_short,
          hangedman_vaults_nails, vaults_standard_mumra_lines,
          hangedman_vaults_restitches, nicolae_vaults_alarming,
          vaults_room_semicircle, hangedman_vaults_locks, vaults_room_pools,
          v_misc_8, nicolae_vaults_little_squares_5, v_alt_pattern_1,
          layout_vaults_ring, uniq_zenata
Vaults:2: advil_vaults_ghost_guards, v_rooms_2, gammafunk_sealed_arena,
          hangedman_vaults_maws, vaults_room_pools, hangedman_vaults_river_flow,
          nicolae_vaults_mini_display_case, hangedman_vaults_variations,
          v_misc_9, ontoclasm_vaults_idyll, nicolae_vaults_circle_grid_b,
          nicolae_vaults_shelves_hall, ontoclasm_vaults_decontamination,
          layout_vaults_omnibox, serial_shops, nicolae_square_shop
Vaults:3: portal_desolation_entry_ruin, gammafunk_its_a_trap,
          nicolae_vaults_little_squares_4, vaults_mumra_hex,
          minmay_crypt_entry_necro_gods, vaults_mumra_chevron, v_misc_17,
          vaults_room_hallway, vaults_mumra_hexcomb, v_pattern_4,
          hangedman_vaults_stretched_pinwheel, layout_vaults_omnigrid,
          serial_shops, shop_fountains, uniq_asterion
Vaults:4: v_pattern_1, nicolae_vaults_fighting_squares, v_misc_31, v_misc_11,
          hangedman_vaults_capsules, v_misc_11,
          vaults_standard_mumra_enter_the_diamond, v_misc_16,
          nicolae_vaults_shelves_hall, vaults_dpeg_encased_lava,
          layout_vaults_chaotic_city
Depths:1: layout_cave_shapes, lemuel_tele_altar, hell_entry,
          gammafunk_ghost_cemetery, kennysheep_opposing_triangles,
          uniq_enchantress
Depths:2: hangedman_cross_stitches, layout_honeycomb, enter_ziggurat_f,
          basic_altar, rand_demon_pan_entry_7, hell_entry,
          infiniplex_enter_wizlab_spiral, serial_sigils_hangedman_quiver,
          infiniplex_staircase_x
Depths:3: nicolae_cairo_tiling_very_big, layout_honeycomb, hell_entry,
          abyss_entry_flame_altar, yredelemnul_altar_generic,
          nicolae_blasting_shop
Depths:4: grunt_zot_entry_bicorn, layout_gridville, abandoned_shop,
          pf_dread_powers_of_hell, rand_demon_pan_entry_1, abyss_entry_crystal,
          uniq_parghit
Zot:1:    minmay_elemental_castle, layout_misc_corridors,
          nicolae_transporter_intersection, uniq_josephina
Zot:2:    layout_concentric_octagons, basic_altar, grunt_ministairs_2,
          grunt_megastairs_5
Zot:3:    kennysheep_oblong_rooms, layout_gridlike, lemuel_lake_of_fire,
          uniq_tiamat
Zot:4:    cheibrodos_zot_enchanting_chambers, layout_onion
Zot:5:    layout_gridlike

Skill      XL: |  1  2  3  4  5  6  7  8  9 10 11 12 13 14 15 16 17 18 19 20 21 22 23 24 25 |
---------------+----------------------------------------------------------------------------+-----
Spellcasting   | 3 4 5 6 7 8 9 11 12 13 15 16 17 18 19 20 | 20.0
Fighting       | 1 2 3 4 5 7 9 11 12 13 16 18 20 21 | 21.0
Stealth        | 2 |  2.0
Dodging        | 3 6 9 10 12 13 15 18 20 24 25 | 25.0
Armour         | 1 2 5 6 7 9 10 11 | 11.0
Evocations     | 1 2 3 6 7 10 12 14 16 17 | 17.0
Shields        | 3 10 13 | 13.0

Action                   |  1- 3 |  4- 6 |  7- 9 | 10-12 | 13-15 | 16-18 | 19-21 | 22-24 | 25-27 || total
-------------------------+-------+-------+-------+-------+-------+-------+-------+-------+-------++-------
Melee: Dagger            |     2 |    11 |       |       |       |       |       |       |       ||    13
       Hand axe          |       |       |     5 |    10 |     1 |       |       |       |       ||    16
       Trident           |       |       |       |       |       |     2 |       |     1 |       ||     3
 Fire: Longbow           |       |       |     1 |       |       |       |       |       |       ||     1
Throw: Dart              |       |       |       |       |       |     1 |       |       |       ||     1
 Cast: Sting             |    36 |    55 |    19 |    35 |     9 |    30 |     4 |       |       ||   188
       Poisonous Vapours |    29 |    49 |    42 |    43 |   119 |   200 |   204 |    88 |     9 ||   783
       Shock             |       |    32 |    34 |    68 |   100 |   109 |    26 |    34 |       ||   403
       Mephitic Cloud    |       |     5 |    12 |    22 |    40 |    84 |    91 |    42 |       ||   296
       Stone Arrow       |       |       |    39 |   187 |   385 |   423 |   390 |   438 |    33 ||  1895
       Olgreb's Toxic Ra |       |       |       |     5 |       |    14 |     9 |       |       ||    28
       Conjure Ball Ligh |       |       |       |       |    31 |    57 |    42 |    17 |       ||   147
       Petrify           |       |       |       |       |       |    13 |     5 |       |       ||    18
       Iskenderun's Myst |       |       |       |       |       |     8 |     3 |       |       ||    11
       Yara's Violent Un |       |       |       |       |       |     3 |     1 |       |       ||     4
       Malign Gateway    |       |       |       |       |       |     8 |    58 |    80 |     7 ||   153
       Summon Cactus Gia |       |       |       |       |       |       |     8 |    33 |     1 ||    42
       Summon Horrible T |       |       |       |       |       |       |     8 |    32 |     4 ||    44
       Lehudib's Crystal |       |       |       |       |       |       |       |       |     9 ||     9
Invok: Oozemancy         |       |       |       |       |       |       |     1 |     2 |       ||     3
Evoke: Wand              |       |       |     1 |       |     1 |     1 |     3 |     4 |     2 ||    12
       Condenser vane    |       |       |       |       |     1 |     1 |     4 |     2 |     1 ||     9
       Tin of tremorston |       |       |       |       |       |       |     4 |       |       ||     4
       Box of beasts     |       |       |       |       |       |       |     2 |       |       ||     2
       Phantom mirror    |       |       |       |       |       |       |       |     4 |       ||     4
  Use: Scroll            |       |     7 |     2 |     7 |     7 |    14 |     7 |     5 |     2 ||    51
       Potion            |       |     3 |       |       |     2 |       |     1 |     3 |     1 ||    10
Armor: Robe              |     1 |     1 |       |       |       |       |       |       |       ||     2
       Steam dragon scal |       |       |     5 |    28 |       |       |       |       |       ||    33
       Leather armour    |       |       |       |       |    36 |    65 |    48 |    34 |     3 ||   186
Dodge: Dodged            |    13 |    17 |    15 |    68 |    75 |    83 |   152 |   175 |    16 ||   614
Block: Kite shield       |       |       |       |       |       |    70 |       |   113 |    14 ||   197
       Buckler           |       |       |       |       |       |    13 |    58 |    15 |       ||    86
       Reflection        |       |       |       |       |       |       |       |     3 |       ||     3

Table legend: (Time is in decaauts)
 A = Elapsed time spent in this place.
 B = Non-inter-level travel time spent in this place.
 C = Inter-level travel time spent in this place.
 D = Time resting spent in this place.
 E = Time spent auto-exploring this place.
 F = Levels seen in this place.
 G = Mean time per level.
                   A        B        C        D        E       F      G
               +--------+--------+--------+--------+--------+-----+--------+
         Total |  48129 |  37621 |  10508 |   5893 |  21648 |  50 |  962.6 |
       Dungeon |  12716 |   9678 |   3038 |   1075 |   6446 |  15 |  847.7 |
          Lair |   6001 |   4849 |   1152 |    171 |   3396 |   5 | 1200.2 |
         Swamp |   3349 |   2701 |    648 |    424 |   1431 |   4 |  837.2 |
   Spider Nest |   4037 |   3148 |    889 |    504 |   1564 |   4 | 1009.2 |
    Slime Pits |    136 |     48 |     88 |      0 |      0 |   5 |   27.2 |
  Orcish Mines |   1564 |   1181 |    383 |     26 |    890 |   2 |  782.0 |
        Vaults |   7981 |   6572 |   1409 |    734 |   4244 |   4 | 1995.2 |
        Depths |   6700 |   5218 |   1482 |   1004 |   2596 |   4 | 1675.0 |
           Zot |   5180 |   3765 |   1415 |   1941 |    830 |   5 | 1036.0 |
         Trove |     80 |     80 |      0 |      0 |     48 |   1 |   80.0 |
      Gauntlet |    381 |    381 |      0 |     14 |    203 |   1 |  381.0 |
               +--------+--------+--------+--------+--------+-----+--------+

Top non-repeatable levels by time:
   Zot:5: 3971 daAuts
Vaults:4: 3111 daAuts
Depths:4: 2578 daAuts
Vaults:3: 2183 daAuts
Vaults:1: 1553 daAuts
Depths:2: 1475 daAuts
Spider:1: 1417 daAuts
Depths:1: 1366 daAuts
  Lair:5: 1361 daAuts
  Lair:1: 1293 daAuts
    D:15: 1288 daAuts
Depths:3: 1279 daAuts
     D:2: 1214 daAuts
  Lair:3: 1213 daAuts
Vaults:2: 1132 daAuts
